 Dungeon Crawl Stone Soup version 0.23-b1-3-gdda8187c6f (webtiles) character file.

Game seed: 3174975766337118485

275 undeaddog the Skirmisher (level 6, 0/56 HPs)
             Began as a Minotaur Chaos Knight on Feb 1, 2019.
             Was a Plaything of Xom.
             Killed from afar by an electric eel (10 damage)
             ... with a bolt of electricity
             ... on level 3 of the Dungeon.
             The game lasted 00:08:22 (2020 turns).

undeaddog the Skirmisher (Minotaur Chaos Knight)    Turns: 2020, Time: 00:08:23

Health: 0/56       AC: 11    Str: 23    XL:     6   Next: 3%
Magic:  5/5        EV:  8    Int:  9    God:    Xom [.....*]
Gold:   137        SH:  3    Dex: 10    Spells: 5/5 levels left

rFire    + . .     SeeInvis .   p - +1 mace (drain)
rCold    + . .     Gourm    .   k - +0 buckler
rNeg     . . .     Faith    .   l - +2 chain mail {rF+}
rPois    .         Spirit   .   (helmet restricted)
rElec    .         Reflect  .   (no cloak)
rCorr    .         Harm     .   (no gloves)
MR       .....                  (no boots)
Stlth    ..........             (no amulet)
HPRegen  0.18/turn              m - +5 ring of strength
MPRegen  0.09/turn              (no ring)

@: lightly drained
A: retaliatory headbutt, horns 2, cold resistance 1, wild magic 1
a: Renounce Religion


You were on level 3 of the Dungeon.
You worshipped Xom.
You were Xom's teddy bear.
You were not hungry.

You visited 1 branch of the dungeon, and saw 3 of its levels.

You collected 137 gold pieces.

Inventory:

Hand Weapons
 a - a +0 hand axe of chaos
 d - a +2 dagger of speed
 p - a +1 mace of draining (weapon)
Armour
 k - a +0 buckler (worn)
 l - a +2 chain mail of fire resistance (worn)
Jewellery
 m - a +5 ring of strength (left hand)
Wands
 n - a wand of flame (34)
Scrolls
 e - 2 scrolls of magic mapping
 f - a scroll of enchant armour
 g - 4 scrolls of remove curse
 h - a scroll of teleportation
 i - a scroll of identify
 o - a scroll of immolation {unknown}
Potions
 b - a potion of mutation {unknown}
 j - 2 potions of curing
 q - a potion of heal wounds
 s - a potion of agility {unknown}
Comestibles
 c - 4 rations
 r - a chunk of flesh


   Skills:
 + Level 5.6 Fighting
 - Level 2.1(2.0) Short Blades
 + Level 5.2 Axes
 + Level 3.7 Armour
 - Level 1.8(1.7) Dodging
 + Level 0.5 Shields


You had 5 spell levels left.
You didn't know any spells.
Your spell library was empty.

Dungeon Overview and Level Annotations

Branches:
Dungeon (3/15)

Altars:
Cheibriados
Sif Muna
Xom

Annotations:
D:3 1 transporter


Innate Abilities, Weirdness & Mutations

You reflexively headbutt those who attack you in melee.
You have a pair of horns on your head.
Your flesh is cold resistant. (rC+)
Your spells are a little harder to cast, but a little more powerful.


Message History

The electric eel shoots out a bolt of lightning at you!
The bolt of electricity hits you.
The bolt of electricity hits the electric eel.
The electric eel completely resists.
The bolt of electricity hits the electric eel.
The electric eel completely resists.
The electric eel shoots out a bolt of lightning at you!
The bolt of electricity hits you!
* * * LOW HITPOINT WARNING * * *
The bolt of electricity hits the electric eel.
The electric eel completely resists.
The electric eel shoots out a bolt of lightning at you!
The bolt of electricity hits you.
* * * LOW HITPOINT WARNING * * *
The bolt of electricity hits the electric eel.
The electric eel completely resists.
The bolt of electricity hits the electric eel.
The electric eel completely resists.
The bolt of electricity hits you!
You die...
Xom roars with laughter!

#P.!.P#.#.#.......#
#.###+###.#.#.#.....#
#.#≈...≈#.#.#......##
#.#≈.$.≈#.#.######..#
#.#≈...≈#.#....#.....
#.#≈.⌠.≈#.####.#.....
#.#≈..?≈#.####.#.....
#.#;...;#.#....'.....
#.#;@..;#.#.####.....
#.###'###.# ##.......
#.#P...P#.#.##.#.....
#.#8.©.8#.#.##.#.....
#.#######†.....+.....
#....©......##.#.....
####...###..##.#.....
##..........#.....
..###.#.#####.....


You could see 4 electric eels.

Vanquished Creatures
  Sigmund (D:2)
  An orc priest (D:3)
  4 adders
  An ooze (D:2)
  4 dart slugs
  2 orcs (D:3)
  4 bats
  3 giant cockroaches
  7 goblins
  4 hobgoblins
  A ball python (D:2)
  5 kobolds
  6 rats
43 creatures vanquished.

Vanquished Creatures (collateral kills)
  An orc (D:3)
  A hobgoblin (D:3)
  A kobold (D:3)
  A rat (D:3)
4 creatures vanquished.

Grand Total: 47 creatures vanquished

Notes
Turn   | Place    | Note
-------+----------+-------------------------------------------
     0 | D:1      | undeaddog the Minotaur Chaos Knight began the quest for the
                  | Orb.
     0 | D:1      | Reached XP level 1. HP: 19/19 MP: 0/0
     2 | D:1      | XOM: potion effect (invisibility)
   132 | D:1      | Reached XP level 2. HP: 22/27 MP: 1/1
   159 | D:1      | XOM: silly message
   643 | D:2      | Reached XP level 3. HP: 29/34 MP: 2/2
   656 | D:2      | XOM: cloud trail
   667 | D:2      | Noticed Sigmund
   722 | D:2      | XOM: potion effect (curing)
   750 | D:2      | Killed Sigmund
   750 | D:2      | Reached skill level 5 in Fighting
   750 | D:2      | Reached skill level 1 in Short Blades
   750 | D:2      | Reached skill level 5 in Axes
   750 | D:2      | Reached XP level 4. HP: 2/42 MP: 3/3
   750 | D:2      | Reached XP level 5. HP: 3/48 MP: 4/4
   799 | D:2      | XOM: give mutations
   799 | D:2      | Gained mutation: Your flesh is cold resistant. (rC+) [Xom's
                  | grace]
   799 | D:2      | Gained mutation: Your spells are a little harder to cast,
                  | but a little more powerful. [Xom's grace]
  1457 | D:2      | Found a shimmering altar of Xom.
  1548 | D:2      | Found a deep blue altar of Sif Muna.
  1687 | D:3      | XOM: god gift: worn iron wand {god gift}
  1773 | D:3      | XOM: summons friendly chaos spawn
  1840 | D:3      | Found a transporter.
  1865 | D:3      | Reached XP level 6. HP: 53/56 MP: 5/5
  1941 | D:3      | Found a snail-covered altar of Cheibriados.
  1991 | D:3      | Found a transporter.
  2020 | D:3      | Killed from afar by an electric eel

Skill      XL: |  1  2  3  4  5 |
---------------+----------------+-----
Axes           | 4 5 |  5.2
Fighting       | 4 5 |  5.6
Short Blades   | 1 2 |  2.1
Armour         | 3 |  3.7
Dodging        | |  1.8
Shields        | |  0.5

Action                   |  1- 3 |  4- 6 || total
-------------------------+-------+-------++-------
Melee: Dagger            |    66 |    32 ||    98
       Hand axe          |     9 |       ||     9
       Headbutt          |    10 |    10 ||    20
       Mace              |       |    11 ||    11
  Use: Scroll            |     6 |     3 ||     9
       Potion            |     1 |     3 ||     4
 Stab: Invisible         |     1 |       ||     1
  Eat: Chunk             |       |     3 ||     3
Armor: Leather armour    |    13 |     3 ||    16
       Chain mail        |       |     8 ||     8
Dodge: Dodged            |    27 |     6 ||    33
Block: Buckler           |     2 |     4 ||     6
